TOP OF THE 1ST |
Cincinnati Reds batting - Pitching for Atlanta Braves : RHP Pablo Lopez
|
Pitching: RHP Pablo Lopez
|
|
Batting: LHB Jesse Winker
|
0-0: Ball 1-0: Called Strike 1-1: Foul Ball, location: 25F 1-2: Ball 2-2: Ball 3-2: Fly out, F9 (Flyball, 9, EV 91.9 MPH)
|
Batting: RHB Jonathan India
|
0-0: Ball 1-0: Ball 2-0: Foul Ball, location: 2F 2-1: Reached on error, E5 (Groundball, 56, EV 94.4 MPH)
|
Batting: RHB Ronald Acuna Jr.
|
0-0: Ball 1-0: Ball 2-0: Called Strike 2-1: Swinging Strike 2-2: Grounds into double play, 4-6-3 (Groundball, 34, EV 90.0 MPH)
|
Top of the 1st over - 0 runs, 0 hits, 1 error, 0 left on base; Cincinnati 0 - Atlanta 0 |
BOTTOM OF THE 1ST |
Atlanta Braves batting - Pitching for Cincinnati Reds : LHP Trevor Rogers
|
Pitching: LHP Trevor Rogers
|
|
Batting: SHB Tommy Edman
|
0-0: Ball 1-0: Ground out 5-3 (Groundball, 56S, EV 88.1 MPH)
|
Batting: SHB Bryan Reynolds
|
0-0: Ball 1-0: Ball 2-0: DOUBLE (Groundball, 5L, EV 95.6 MPH)
|
Batting: LHB Corey Seager
|
0-0: SINGLE (Groundball, 4MD, EV 106.3 MPH) Bryan Reynolds to third
|
Batting: RHB Tyler O'Neill
|
0-0: Ball 1-0: Called Strike 1-1: Foul Ball, location: 7LDF 1-2: Foul Ball, location: 2F 1-2: Strikes out swinging
|
Batting: LHB Austin Meadows
|
0-0: Called Strike 0-1: Ball 1-1: Swinging Strike 1-2: Ball 2-2: Ball 3-2: Foul Ball, location: 2F 3-2: Strikes out swinging
|
Bottom of the 1st over - 0 runs, 2 hits, 0 errors, 2 left on base; Cincinnati 0 - Atlanta 0 |
TOP OF THE 2ND |
Cincinnati Reds batting - Pitching for Atlanta Braves : RHP Pablo Lopez
|
Batting: LHB Edwin Rios
|
0-0: Ball 1-0: Called Strike 1-1: Foul Ball, location: 25F 1-2: Foul Ball, location: 7LSF 1-2: Ground out 4-3 (Groundball, 4S, EV 86.9 MPH)
|
Batting: LHB Jesus Sanchez
|
0-0: Ball 1-0: Ground out 6-3 (Groundball, 6, EV 102.5 MPH)
|
Batting: LHB Ben Gamel
|
0-0: Ball 1-0: Fly out, F5 (Line Drive, 6, EV 66.3 MPH)
|
Top of the 2nd over - 0 runs, 0 hits, 0 errors, 0 left on base; Cincinnati 0 - Atlanta 0 |
BOTTOM OF THE 2ND |
Atlanta Braves batting - Pitching for Cincinnati Reds : LHP Trevor Rogers
|
Batting: SHB Jeimer Candelario
|
0-0: Ball 1-0: Foul Ball, location: 7LMF 1-1: Fly out, F7 (Flyball, 7, EV 89.4 MPH)
|
Batting: RHB Austin Nola
|
0-0: Called Strike 0-1: Called Strike 0-2: Ball 1-2: SINGLE (Line Drive, 7S, EV 95.0 MPH)
|
Batting: RHB Willians Astudillo
|
0-0: Ball 1-0: Called Strike 1-1: Ball 2-1: Called Strike 2-2: Foul Ball, location: 2F 2-2: Ball 3-2: Base on Balls Austin Nola to second
|
Batting: LHB Kevin Kiermaier
|
0-0: Ball Wild Pitch! Austin Nola to third Willians Astudillo to second 1-0: Ball 2-0: Ball 3-0: Called Strike 3-1: SINGLE (Groundball, 6, EV 106.9 MPH) Austin Nola scores Willians Astudillo to third Runner from 3rd tries for Home, SAFE, throw by CF to home
|
Batting: SHB Tommy Edman
|
0-0: Ball 1-0: Ball 2-0: Fly out, F4 (Line Drive, 4D, EV 70.0 MPH)
|
Batting: SHB Bryan Reynolds
|
0-0: Ball 1-0: Foul Ball, location: 3DF 1-1: Foul Ball, location: 2F 1-2: Strikes out swinging
|
Bottom of the 2nd over - 2 runs, 2 hits, 0 errors, 1 left on base; Cincinnati 0 - Atlanta 2 |
TOP OF THE 3RD |
Cincinnati Reds batting - Pitching for Atlanta Braves : RHP Pablo Lopez
|
Batting: LHB Reese McGuire
|
0-0: Ball 1-0: Ball 2-0: Foul Ball, location: 25F 2-1: Foul Ball, location: 3SF 2-2: Strikes out swinging
|
Batting: RHB David Fletcher
|
0-0: Called Strike 0-1: Ball 1-1: Ground out 3-1 (Groundball, 34S, EV 88.1 MPH)
|
Batting: RHB Brent Rooker
|
0-0: Foul Ball, location: 2F 0-1: Called Strike 0-2: Foul Ball, location: 23F 0-2: Ball 1-2: Ball 2-2: Ball 3-2: Base on Balls
|
Batting: LHB Jesse Winker
|
0-0: Ball 1-0: Foul Ball, location: 2F 1-1: Ball 2-1: Ball 3-1: Base on Balls Brent Rooker to second
|
Batting: RHB Jonathan India
|
0-0: Called Strike 0-1: Foul Ball, location: 2F 0-2: Strikes out swinging
|
Top of the 3rd over - 0 runs, 0 hits, 0 errors, 2 left on base; Cincinnati 0 - Atlanta 2 |
BOTTOM OF THE 3RD |
Atlanta Braves batting - Pitching for Cincinnati Reds : LHP Trevor Rogers
|
Batting: LHB Corey Seager
|
0-0: Ball 1-0: Ball 2-0: Called Strike 2-1: Foul Ball, location: 2F 2-2: Foul Ball, location: 7LMF 2-2: Strikes out swinging
|
Batting: RHB Tyler O'Neill
|
0-0: Ball 1-0: Swinging Strike 1-1: Foul Ball, location: 2F 1-2: Ball 2-2: Strikes out swinging, 2-3 out at first.
|
Batting: LHB Austin Meadows
|
0-0: Swinging Strike 0-1: Swinging Strike 0-2: Strikes out looking
|
Bottom of the 3rd over - 0 runs, 0 hits, 0 errors, 0 left on base; Cincinnati 0 - Atlanta 2 |
TOP OF THE 4TH |
Cincinnati Reds batting - Pitching for Atlanta Braves : RHP Pablo Lopez
|
Batting: RHB Ronald Acuna Jr.
|
0-0: Ball 1-0: Ball 2-0: Ball 3-0: Base on Balls
|
Batting: LHB Edwin Rios
|
0-0: Swinging Strike 0-1: Ball 1-1: Swinging Strike 1-2: Foul Ball, location: 2F 1-2: Strikes out swinging
|
Batting: LHB Jesus Sanchez
|
0-0: Fly out, F8 (Flyball, 8RD, EV 88.1 MPH)
|
Batting: LHB Ben Gamel
|
0-0: Ball 1-0: Ball 2-0: Fielders Choice at 2nd, 5-4 (Groundball, 56, EV 105.0 MPH)
|
Top of the 4th over - 0 runs, 0 hits, 0 errors, 1 left on base; Cincinnati 0 - Atlanta 2 |
BOTTOM OF THE 4TH |
Atlanta Braves batting - Pitching for Cincinnati Reds : LHP Trevor Rogers
|
Batting: SHB Jeimer Candelario
|
0-0: SINGLE (Line Drive, 34D, EV 98.1 MPH)
|
Batting: RHB Austin Nola
|
0-0: Called Strike 0-1: 2-RUN HOME RUN (Flyball, 7LD, EV 93.8 MPH), Distance : 344 ft
|
Batting: RHB Willians Astudillo
|
0-0: Fly out, F8 (Flyball, 8RS, EV 76.3 MPH)
|
Batting: LHB Kevin Kiermaier
|
0-0: Ground out 4-3 (Groundball, 34, EV 80.0 MPH)
|
Batting: SHB Tommy Edman
|
0-0: Foul Ball, location: 23F 0-1: SINGLE (Line Drive, 6MD, EV 103.8 MPH)
|
Batting: SHB Bryan Reynolds
|
0-0: Called Strike 0-1: Ball 1-1: Foul Ball, location: 9LMF 1-2: Strikes out looking
|
Bottom of the 4th over - 2 runs, 3 hits, 0 errors, 1 left on base; Cincinnati 0 - Atlanta 4 |
TOP OF THE 5TH |
Cincinnati Reds batting - Pitching for Atlanta Braves : RHP Pablo Lopez
|
Batting: LHB Reese McGuire
|
0-0: Ground out 6-3 (Groundball, 6, EV 103.8 MPH)
|
Batting: RHB David Fletcher
|
0-0: Ball 1-0: SINGLE (Line Drive, 34D, EV 109.4 MPH)
|
Batting: RHB Brent Rooker
|
0-0: Called Strike 0-1: Swinging Strike 0-2: Foul Ball, location: 5DF 0-2: Ball 1-2: Ball 2-2: Foul Ball, location: 5F 2-2: Fielders Choice at 2nd, 5-4 (Groundball, 5, EV 96.3 MPH)
|
Batting: LHB Jesse Winker
|
0-0: Ball 1-0: Ground out 4-3 (Groundball, 34, EV 85.0 MPH)
|
Top of the 5th over - 0 runs, 1 hit, 0 errors, 1 left on base; Cincinnati 0 - Atlanta 4 |
BOTTOM OF THE 5TH |
Atlanta Braves batting - Pitching for Cincinnati Reds : LHP Trevor Rogers
|
Batting: LHB Corey Seager
|
0-0: Ball 1-0: Foul Ball, location: 5SF 1-1: Ball 2-1: Ball 3-1: Base on Balls
|
Batting: RHB Tyler O'Neill
|
0-0: Foul Ball, location: 9LSF 0-1: TRIPLE (Line Drive, 8LXD, EV 108.1 MPH) Corey Seager scores
|
Batting: LHB Austin Meadows
|
0-0: Called Strike 0-1: Ball 1-1: Ball 2-1: Foul Ball, location: 2F 2-2: Ball 3-2: Base on Balls
|
Batting: SHB Jeimer Candelario
|
0-0: Ball 1-0: Foul Ball, location: 9LMF 1-1: Swinging Strike Passed Ball! Tyler O'Neill scores Austin Meadows to second 1-2: Foul Ball, location: 7LSF 1-2: Strikes out swinging
|
Batting: RHB Austin Nola
|
0-0: Ball 1-0: Called Strike 1-1: Ball 2-1: Foul Ball, location: 3SF 2-2: Strikes out looking
|
Batting: RHB Willians Astudillo
|
0-0: Foul Ball, location: 23F 0-1: SINGLE (Line Drive, 89S, EV 98.8 MPH) Austin Meadows to third Runner from 3rd tries for Home, SAFE, throw by RF to home
|
Pitching: RHP Dylan Bundy
|
|
Batting: LHB Kevin Kiermaier
|
0-0: Ground out U3 (Groundball, 34, EV 105.0 MPH)
|
Bottom of the 5th over - 3 runs, 2 hits, 0 errors, 1 left on base; Cincinnati 0 - Atlanta 7 |
TOP OF THE 6TH |
Cincinnati Reds batting - Pitching for Atlanta Braves : RHP Pablo Lopez
|
Batting: RHB Jonathan India
|
0-0: SOLO HOME RUN (Line Drive, 7D, EV 104.4 MPH), Distance : 397 ft
|
Batting: RHB Ronald Acuna Jr.
|
0-0: Called Strike 0-1: Ball 1-1: Ball 2-1: Ball 3-1: Base on Balls
|
Batting: LHB Edwin Rios
|
0-0: Called Strike Ronald Acuna Jr. steals 2nd base 0-1: Foul Ball, location: 2F 0-2: Ball 1-2: Foul Ball, location: 23F 1-2: 2-RUN HOME RUN (Flyball, 9D, EV 103.1 MPH), Distance : 390 ft
|
Batting: LHB Jesus Sanchez
|
0-0: Ball 1-0: SINGLE (Line Drive, 9LS, EV 107.5 MPH)
|
Batting: LHB Ben Gamel
|
0-0: Swinging Strike 0-1: Ball 1-1: Ball 2-1: Ball 3-1: Swinging Strike 3-2: Foul Ball, location: 7LMF 3-2: Strikes out swinging
|
Batting: LHB Reese McGuire
|
0-0: Called Strike 0-1: Called Strike 0-2: Strikes out swinging
|
Pitching: LHP Ryan Borucki
|
|
Batting: RHB David Fletcher
|
0-0: Ball 1-0: Called Strike 1-1: Foul Ball, location: 9LMF 1-2: Foul Ball, location: 2F 1-2: SINGLE (Groundball, 6M, EV 103.1 MPH) Jesus Sanchez to second
|
Batting: RHB Brent Rooker
|
0-0: Ball 1-0: Ball 2-0: Ball 3-0: Called Strike 3-1: Base on Balls Jesus Sanchez to third David Fletcher to second
|
Batting: LHB Jesse Winker
|
0-0: Called Strike 0-1: Ball 1-1: Ball 2-1: Called Strike 2-2: Ball 3-2: Fly out, F4 (Flyball, 34D, EV 85.6 MPH)
|
Top of the 6th over - 3 runs, 4 hits, 0 errors, 3 left on base; Cincinnati 3 - Atlanta 7 |
BOTTOM OF THE 6TH |
Atlanta Braves batting - Pitching for Cincinnati Reds : RHP Dylan Bundy
|
Batting: SHB Tommy Edman
|
0-0: Ball 1-0: Foul Ball, location: 23F 1-1: Ball 2-1: Foul Ball, location: 2F 2-2: Ball 3-2: Ground out 4-3 (Groundball, 4, EV 103.8 MPH)
|
Batting: SHB Bryan Reynolds
|
0-0: Called Strike 0-1: Called Strike 0-2: Strikes out swinging
|
Batting: LHB Corey Seager
|
0-0: Swinging Strike 0-1: Ball 1-1: Swinging Strike 1-2: Strikes out swinging
|
Bottom of the 6th over - 0 runs, 0 hits, 0 errors, 0 left on base; Cincinnati 3 - Atlanta 7 |
TOP OF THE 7TH |
Cincinnati Reds batting - Pitching for Atlanta Braves : LHP Ryan Borucki
|
Batting: RHB Jonathan India
|
0-0: Fly out, F8 (Flyball, 78S, EV 78.8 MPH)
|
Batting: RHB Ronald Acuna Jr.
|
0-0: Swinging Strike 0-1: Foul Ball, location: 3F 0-2: Ball 1-2: Strikes out looking
|
Batting: LHB Edwin Rios
|
0-0: Ball 1-0: SOLO HOME RUN (Flyball, 9D, EV 95.6 MPH), Distance : 385 ft
|
Batting: LHB Jesus Sanchez
|
0-0: Swinging Strike 0-1: SINGLE (Groundball, 34D, EV 106.3 MPH)
|
Pitching: LHP Danny Duffy
|
|
Batting: LHB Ben Gamel
|
0-0: Ground out 4-3 (Groundball, 4, EV 102.5 MPH)
|
Top of the 7th over - 1 run, 2 hits, 0 errors, 1 left on base; Cincinnati 4 - Atlanta 7 |
BOTTOM OF THE 7TH |
Atlanta Braves batting - Pitching for Cincinnati Reds : RHP Dylan Bundy
|
Batting: RHB Tyler O'Neill
|
0-0: Reached on error, E6 (Groundball, 6, EV 85.6 MPH)
|
Batting: LHB Austin Meadows
|
0-0: Ball 1-0: Fly out, F9 (Line Drive, 9, EV 103.1 MPH)
|
Batting: SHB Jeimer Candelario
|
0-0: Called Strike Tyler O'Neill steals 2nd base 0-1: Ball 1-1: Ball 2-1: Fly out, F9 (Flyball, 89S, EV 82.5 MPH)
|
Batting: RHB Austin Nola
|
0-0: Ball 1-0: Foul Ball, location: 3F 1-1: Ground out 4-3 (Groundball, 4, EV 89.4 MPH)
|
Bottom of the 7th over - 0 runs, 0 hits, 1 error, 1 left on base; Cincinnati 4 - Atlanta 7 |
TOP OF THE 8TH |
Cincinnati Reds batting - Pitching for Atlanta Braves : LHP Danny Duffy
|
Batting: LHB Reese McGuire
|
0-0: Called Strike 0-1: Foul Ball, location: 2F 0-2: Strikes out swinging
|
Batting: RHB David Fletcher
|
0-0: Ball 1-0: Called Strike 1-1: Foul Ball, location: 2F 1-2: Ball 2-2: Ball 3-2: Ground out 4-3 (Groundball, 4M, EV 83.1 MPH)
|
Batting: RHB Brent Rooker
|
0-0: Foul Ball, location: 2F 0-1: Foul Ball, location: 7LMF 0-2: Ball 1-2: Foul Ball, location: 5F 1-2: Ball 2-2: Strikes out swinging
|
Top of the 8th over - 0 runs, 0 hits, 0 errors, 0 left on base; Cincinnati 4 - Atlanta 7 |
BOTTOM OF THE 8TH |
Atlanta Braves batting - Pitching for Cincinnati Reds : RHP Dylan Bundy
|
Batting: RHB Willians Astudillo
|
0-0: Ball 1-0: Fly out, F9 (Flyball, 9S, EV 91.9 MPH)
|
Batting: LHB Kevin Kiermaier
|
0-0: Called Strike 0-1: Ball 1-1: Called Strike 1-2: Ball 2-2: Foul Ball, location: 5SF 2-2: Ball 3-2: Ground out U3 (Groundball, 34, EV 85.0 MPH)
|
Batting: SHB Tommy Edman
|
0-0: Swinging Strike 0-1: Ball 1-1: Swinging Strike 1-2: Ball 2-2: Ball 3-2: Strikes out swinging
|
Bottom of the 8th over - 0 runs, 0 hits, 0 errors, 0 left on base; Cincinnati 4 - Atlanta 7 |
TOP OF THE 9TH |
Cincinnati Reds batting - Pitching for Atlanta Braves : LHP Danny Duffy
|
Pitching: RHP Craig Kimbrel
|
|
Batting: LHB Jesse Winker
|
0-0: Called Strike 0-1: Foul Ball, location: 23F 0-2: Foul Ball, location: 3F 0-2: Ground out 4-3 (Groundball, 4, EV 84.4 MPH)
|
Pinch Hitting: SHB Adley Rutschman
|
0-0: Called Strike 0-1: Called Strike 0-2: Foul Ball, location: 5SF 0-2: Ball 1-2: Foul Ball, location: 2F 1-2: Ball 2-2: Strikes out swinging
|
Batting: RHB Ronald Acuna Jr.
|
0-0: Ball 1-0: Foul Ball, location: 2F 1-1: Swinging Strike 1-2: Ball 2-2: Foul Ball, location: 2F 2-2: Strikes out swinging
|
Top of the 9th over - 0 runs, 0 hits, 0 errors, 0 left on base; Cincinnati 4 - Atlanta 7 |
|